 Dungeon Crawl Stone Soup version 0.25-a0-108-gda8bd6c (webtiles) character file.

Game seed: 15428974892038978290, levelgen mode: deterministic

85943 TheGoonsmith the Fighter (level 15, -2/147 HPs)
             Began as a White Draconian Conjurer on Nov 16, 2019.
             Was a High Priest of Vehumet.
             Killed from afar by a raiju (7 damage)
             ... with a living lightning
             ... on level 15 of the Dungeon on Nov 17, 2019.
             The game lasted 01:41:31 (41416 turns).

TheGoonsmith the Fighter (DrCj)                    Turns: 41416, Time: 01:41:31

Health: -2/147     AC: 21    Str: 10    XL:     15   Next: 39%
Magic:  29/29      EV: 17    Int: 26    God:    Vehumet [*****.]
Gold:   447        SH: 18    Dex: 13    Spells: 7/34 levels left

rFire    . . .     SeeInvis .   F - +2 demon blade (venom)
rCold    + + .     Gourm    .   U - +2 shield
rNeg     . . .     Faith    .   (armour unavailable)
rPois    .         Spirit   .   n - +2 hat
rElec    .         Reflect  +   j - +1 cloak "Kummos Uggy" {Int+5}
rCorr    .         Harm     .   T - +2 pair of gloves {archery}
MR       +....                  (no boots)
Stlth    ++........             M - +6 amulet of reflection
HPRegen  0.34/turn              y - +5 ring of protection
MPRegen  0.21/turn              l - ring of protection from cold

@: about to teleport
A: breathe frost, unfitting armour, blink, cold resistance 1, robust 1,
cold-blooded, AC +9
a: Breathe Frost, Blink, Renounce Religion


You were on level 15 of the Dungeon.
You worshipped Vehumet.
Vehumet was extremely pleased with you.
You were not hungry.

You visited 4 branches of the dungeon, and saw 24 of its levels.
You visited the Abyss 1 time.
You also visited: Gauntlet and Ice Cave.

You collected 2161 gold pieces.
You spent 1714 gold pieces at shops.

Inventory:

Hand Weapons
 c - a +0 mace
 m - a +2 whip of venom
 B - the +3 quarterstaff of Ascent {antimagic, rF+ Str+4}
   (You bought it in a shop on level 8 of the Dungeon)

   It reduces the magical energy of the wielder, and disrupts the spells and
   magical abilities of those hit.
   Natural abilities and divine invocations are not affected.
   It affects your strength (+4).
   It protects you from fire.
 F - a +2 demon blade of venom (weapon)
 K - a +2 mace of venom
Missiles
 J - 2 throwing nets (quivered)
Armour
 j - the +1 cloak "Kummos Uggy" (worn) {Int+5}
   (You found it on level 4 of the Dungeon)

   It affects your intelligence (+5).
 n - a +2 hat (worn)
 p - a +2 pair of gloves
 G - a +0 buckler
 T - a +2 pair of gloves of archery (worn)
 U - a +2 shield (worn)
Jewellery
 h - an uncursed ring of protection from magic
 l - a ring of protection from cold (right hand)
 q - an uncursed ring of stealth
 y - a +5 ring of protection (left hand)
 E - the ring "Ehunkesa" {+Fly SInv Stlth+}
   (You found it on level 2 of the Lair of Beasts)

   [ring of flight]

   It lets you see invisible.
   It lets you fly.
   It makes you more stealthy.
 L - a cursed ring of protection from cold
 M - a +6 amulet of reflection (around neck)
 V - the amulet "Udib" {+Rage rC++ Int-5}
   (You took it off a minotaur in a Gauntlet)

   [amulet of rage]

   It affects your intelligence (-5).
   It greatly protects you from cold.
   It lets you go berserk.
 X - an uncursed amulet of magic regeneration
 Z - an uncursed ring of magical power {unknown}
Wands
 v - a wand of clouds (6)
 w - a wand of paralysis (14)
 A - a wand of random effects (50)
 H - a wand of iceblast (19)
 R - a wand of polymorph (8)
 W - a wand of disintegration (6)
Scrolls
 a - a scroll of magic mapping
 f - 19 scrolls of remove curse
 g - 8 scrolls of teleportation
 i - 4 scrolls of blinking
 r - 17 scrolls of identify
 s - 7 scrolls of amnesia
 t - 3 scrolls of fog
 N - 2 scrolls of enchant armour
 Q - 2 scrolls of fear
Potions
 d - 2 potions of lignification
 e - 4 potions of mutation
 k - 3 potions of curing
 o - a potion of cancellation
 u - a potion of berserk rage
 x - a potion of heal wounds
 z - 4 potions of brilliance
 C - a potion of invisibility
 D - 2 potions of might
 I - 2 potions of agility
 P - 2 potions of resistance
 S - a potion of ambrosia
Miscellaneous
 O - a crystal ball of energy
Comestibles
 b - 4 rations


   Skills:
 - Level 12.7 Fighting
 + Level 9.4 Long Blades
 - Level 8.0 Maces & Flails
 - Level 11.2 Dodging
 - Level 1.7 Stealth
 + Level 7.5 Shields
 - Level 10.0 Spellcasting
 - Level 10.0 Conjurations
 - Level 4.0 Hexes
 - Level 1.0 Charms
 - Level 3.1 Summonings
 - Level 9.0 Ice Magic
 - Level 1.1 Air Magic
 - Level 4.0 Evocations


You had 7 spell levels left.
You knew the following spells:

 Your Spells              Type           Power        Failure   Level  Hunger
a - Magic Dart            Conj           ####         1%          1    None
b - Searing Ray           Conj           ######       1%          2    None
c - Fulminant Prism       Conj/Hex       #####.....   1%          4    None
d - Iskenderun's Mystic   Conj           ######..     1%          4    None
e - Swiftness             Chrm/Air       ###.....     12%         2    None
f - Iskenderun's Battles  Conj/Chrm      #####...     10%         5    ####...
s - Freeze                Ice            ####         1%          1    None
x - Throw Icicle          Conj/Ice       ######..     1%          4    None
z - Summon Ice Beast      Ice/Summ       #####...     10%         4    None

Your spell library contained the following spells:

 Spells                   Type           Power        Failure   Level  Hunger
 Irradiate                Conj/Tmut      #####.....   11%         5    ####...
 Throw Frost              Conj/Ice       ######       1%          2    None
 Dazzling Spray           Conj/Hex       #####.       1%          3    None
 Summon Small Mammal      Summ           ####         3%          1    None
 Call Imp                 Summ           ####....     4%          2    None
 Ozocubu's Armour         Chrm/Ice       #####...     4%          3    None
 Force Lance              Conj/Tloc      #####...     4%          4    None
 Summon Guardian Golem    Hex/Summ       ####....     9%          3    None
 Call Canine Familiar     Summ           ####....     10%         3    None
 Bolt of Draining         Conj/Necr      #####.....   11%         5    ####...
 Beastly Appendage        Tmut           ##....       12%         1    None
 Shroud of Golubria       Chrm/Tloc      ###...       14%         2    None
 Blink                    Tloc           N/A          19%         2    None
 Corpse Rot               Necr           N/A          19%         2    None
 Passwall                 Tmut/Erth      ##......     19%         2    None
 Sublimation of Blood     Necr           ##........   19%         2    None
 Gell's Gravitas          Tloc           ##........   34%         3    None
 Lesser Beckoning         Tloc           ##........   34%         3    None
 Teleport Other           Tloc           ##......     34%         3    None
 Yara's Violent Unravell  Hex/Tmut       ###.......   34%         5    ####...
 Conjure Ball Lightning   Conj/Air       #####.....   41%         6    #####..
 Summon Lightning Spire   Summ/Air       ###.....     45%         4    None
 Lee's Rapid Deconstruct  Erth           ##........   58%         5    ####...
 Passage of Golubria      Tloc           N/A          75%         4    None
 Petrify                  Tmut/Erth      ##......     75%         4    None
 Silence                  Hex/Air        ####......   75%         5    ####...
 Excruciating Wounds      Chrm/Necr      ###.......   95%         5    ####...
 Agony                    Necr           ##......     97%         5    ####...
 Alistair's Intoxication  Tmut/Pois      ##......     97%         5    ####...
 Dispel Undead            Necr           ##......     97%         5    ####...
 Darkness                 Hex            ####......   98%         6    #####..
 Invisibility             Hex            ####....     98%         6    #####..
 Deflect Missiles         Chrm/Air       ###.......   100%        6    #####..
 Tornado                  Air            ###.......   100%        9    #######


Dungeon Overview and Level Annotations

Branches:
Dungeon (15/15)            Temple (1/1) D:7            Lair (6/6) D:8
  Swamp (0/4) Lair:4       Spider (0/4) Lair:4        Slime (0/5) Lair:6
    Orc (2/2) D:9             Elf (0/3) Orc:2        Vaults (0/5) D:13
  IceCv (visited)         Gauntlet (visited)
 Depths: D:15

Altars:
Ashenzari
Cheibriados
Dithmenos
Elyvilon
Fedhas
Gozag
Hepliaklqana
Kikubaaqudgha
Makhleb
Nemelex Xobeh
Okawaru
Qazlal
Ru
Sif Muna
Trog
Uskayaw
Vehumet
Wu Jian
Xom
Yredelemnul
Zin
The Shining One
Beogh

Shops:
D:8 (   D:9 *   D:12 [}*}(   D:14 (   Orc:1 }   Orc:2 [([??

Annotations:
D:7 1 runed translucent door, InnerFear's ghost, novice MiBe
D:14 2 transporters, Luiqe's ghost, journeyman DrBe
D:15 Louise
Lair:5 exclusion: 2 oklob plants


Innate Abilities, Weirdness & Mutations

You can breathe waves of freezing cold.
You can buffet flying creatures when you breathe cold.
Your icy white scales are hard. (AC +9)
You cannot fit into any form of body armour.
Your flesh is cold resistant. (rC+)
You are cold-blooded and may be slowed by cold attacks.
You can translocate small distances at will.
You are robust. (+10% HP)


Message History

The raiju blinks!
As you read the scroll of teleportation, it crumbles to dust.
You feel strangely unstable.
The raiju bursts into living lightning!
The living lightning hits the raiju.
The raiju completely resists.
The living lightning misses you. x2; The raiju blinks! x4
Unknown command.
Okay, then.
You slash the raiju!
The raiju is poisoned.
The raiju is almost dead.
The raiju bursts into living lightning!
The living lightning hits you!
* * * LOW HITPOINT WARNING * * *
The living lightning hits the raiju.
The raiju completely resists.
The raiju blinks!
The raiju bursts into living lightning!
The living lightning hits you!
* * * LOW HITPOINT WARNING * * *
The living lightning hits you!
You die...

######.##
#.@hh...#
#h####..#
#######.####...
#^.....ยง.....@#
#.#.......###..
#.#.##........
##.#.##.##.####
#..#.##.....# ###
##.#.#####..#....


You could see 3 raiju.

Vanquished Creatures
  Jorgrun (D:14)
  A frost giant (IceCv)
  A minotaur (Gauntlet)
  Snorg (Lair:4)
  3 hydras
  Erolcha (Orc:2)
  4 vault guards (D:13)
  A death knight (D:12)
  4 two-headed ogres
  An ogre mage (D:15)
  7 death yaks
  4 orc high priests
  Urug (D:13)
  A soul eater (Gauntlet)
  A sixfirhy (Abyss:3)
  3 unseen horrors
  7 slime creatures (D:12)
  A necromancer (Gauntlet)
  4 orc knights
  An orc sorcerer (Orc:2)
  6 ugly things
  2 deep elf magi
  2 manticores
  A cyclops (D:14)
  An elephant (Lair:5)
  4 black mambas
  An ice statue (IceCv)
  2 gargoyles (D:12)
  A kobold demonologist (D:12)
  8 spiny frogs
  2 centaur skeletons (D:15)
  3 komodo dragons
  A rime drake (IceCv)
  3 freezing wraiths
  An ice devil (Lair:3)
  A tengu conjurer (D:14)
  A troll (shapeshifter) (D:14)
  3 trolls
  17 polar bears
  2 tyrant leeches (Lair:4)
  6 blink frogs
  A raiju (Gauntlet)
  6 hippogriffs
  A shadow (D:14)
  2 spriggans
  A wyvern (Lair:6)
  A basilisk (D:12)
  47 yaks
  4 steam dragons
  3 hungry ghosts
  8 humans (D:13)
  3 vampire mosquitoes
  Menkaure (D:4)
  A swamp worm (Lair:4)
  5 water moccasins
  6 porcupines
  Duvessa (D:7)
  3 black bears
  A necrophage (D:10)
  3 ice beasts
  6 sky beasts
  25 orc warriors
  9 ogres
  23 wolves
  7 centaurs
  12 crocodiles
  2 big kobolds
  11 bullfrogs
  A wyvern zombie (D:11)
  Dowan (D:7)
  A water moccasin zombie (D:7)
  5 scorpions
  9 howler monkeys
  5 lava snakes (Lair:6)
  3 bullfrog zombies
  4 crimson imps
  18 orc wizards
  3 centaur zombies
  17 orc priests
  2 hounds
  3 iguanas
  2 bullfrog skeletons
  14 worker ants
  2 killer bee zombies
  2 hound skeletons
  A worker ant zombie (D:8)
  4 gnolls
  A howler monkey skeleton (D:7)
  16 adders
  5 shadow imps
  An adder skeleton (D:5)
  2 adder zombies
  4 worms
  5 leopard geckos
  89 orcs
  4 ball pythons
  5 giant cockroaches
  6 goblins
  13 hobgoblins
  10 jackals
  2 quokkas
  5 bats
  7 frilled lizards
  A jackal skeleton (D:4)
  7 kobolds
  3 leopard gecko skeletons
  A leopard gecko zombie (D:6)
  A quokka skeleton (D:7)
  3 rats
  A bush (D:14)
  4 fungi (D:8)
602 creatures vanquished.

Vanquished Creatures (collateral kills)
  Gastronok (Lair:2)
  Nessos (Lair:4)
  A fire dragon (Lair:6)
  3 hydras
  6 death yaks
  A centaur warrior (D:14)
  A lindwurm (Lair:6)
  A phantasmal warrior (D:12)
  An orc knight (Orc:2)
  2 orc sorcerers (Orc:2)
  9 elephants
  A slime creature (D:12)
  A black mamba (Lair:4)
  2 molten gargoyles (Lair:6)
  11 spiny frogs
  A rime drake (Lair:3)
  4 komodo dragons
  An ice devil (Lair:3)
  A troll (Orc:1)
  3 polar bears (IceCv)
  A meliai (shapeshifter) (D:14)
  2 hippogriffs
  15 blink frogs
  2 wyverns (Lair:6)
  6 yaks
  A basilisk (Lair:6)
  A vampire mosquito (D:14)
  4 wargs
  2 water moccasins
  3 hell hounds (Lair:6)
  A porcupine (Lair:1)
  11 orc warriors
  2 ogres (Orc:1)
  A sky beast (D:12)
  2 wolves (IceCv)
  A centaur (D:12)
  A big kobold (D:12)
  A crocodile (Lair:2)
  A wyvern zombie (D:12)
  5 orc priests
  5 orc wizards
  A worker ant (Lair:4)
  A shadow imp (Gauntlet)
  2 worms (Lair:4)
  14 orcs
  2 giant cockroaches (Lair:4)
  A kobold (D:12)
  2 fungi
  A plant (Gauntlet)
144 creatures vanquished.

Vanquished Creatures (others)
  7 ugly things (D:14)
  A tengu conjurer (D:14)
  A wraith (D:14)
  A basilisk (D:14)
  A wolf (IceCv)
  A centaur (D:12)
  2 orcs (D:14)
  42 bushes (D:14)
  77 fulminant prisms
  18 fungi
  A lurking horror (Abyss:3)
  6 plants
158 creatures vanquished.

Grand Total: 904 creatures vanquished

Notes
Turn   | Place    | Note
-------+----------+-------------------------------------------
     0 | D:1      | TheGoonsmith the Draconian Conjurer began the quest for the
                  | Orb.
     0 | D:1      | Reached XP level 1. HP: 14/14 MP: 3/3
   287 | D:1      | Reached XP level 2. HP: 17/20 MP: 1/5
   999 | D:2      | Reached XP level 3. HP: 26/26 MP: 5/7
  1834 | D:2      | Learned a level 2 spell: Searing Ray
  1834 | D:2      | Found a faded altar of an unknown god.
  1851 | D:2      | Reached XP level 4. HP: 33/33 MP: 3/8
  1872 | D:2      | Gained mutation: You can translocate small distances at
                  | will. [potion of mutation]
  1872 | D:2      | Gained mutation: You are robust. (+10% HP) [potion of
                  | mutation]
  2172 | D:2      | Found a stormy altar of Qazlal.
  2233 | D:2      | Reached skill level 5 in Conjurations
  2706 | D:3      | Reached XP level 5. HP: 40/41 MP: 5/10
  3136 | D:4      | Reached skill level 1 in Maces & Flails
  3280 | D:4      | Learned a level 4 spell: Iskenderun's Mystic Blast
  3285 | D:4      | Learned a level 4 spell: Fulminant Prism
  3311 | D:4      | Noticed an ogre
  3370 | D:4      | Noticed Menkaure
  3378 | D:4      | Killed Menkaure
  3378 | D:4      | Reached XP level 6. HP: 49/49 MP: 2/12
  3557 | D:3      | Reached skill level 1 in Fighting
  3712 | D:3      | Reached skill level 2 in Fighting
  3931 | D:4      | Reached skill level 3 in Fighting
  3931 | D:4      | Your scales start taking on an icy white colour.
  3931 | D:4      | Reached XP level 7. HP: 51/62 MP: 6/13
  3931 | D:4      | Gained mutation: Your flesh is cold resistant. (rC+) [White
                  | Draconian growth]
  4418 | D:4      | Got a twisted cloak
  4419 | D:4      | Identified the +1 cloak "Kummos Uggy" {Int+5} (You found it
                  | on level 4 of the Dungeon)
  4466 | D:5      | Entered Level 5 of the Dungeon
  4487 | D:5      | Reached skill level 1 in Hexes
  5283 | D:5      | Reached skill level 5 in Spellcasting
  5659 | D:5      | Reached XP level 8. HP: 60/69 MP: 9/15
  5810 | D:5      | Found an iron altar of Okawaru.
  5850 | D:5      | Found a snail-covered altar of Cheibriados.
  6312 | D:6      | Upgraded the game from 0.25-a0-105-g2289b3b to
                  | 0.25-a0-108-gda8bd6c
  7526 | D:7      | Found a staircase to the Ecumenical Temple.
  7533 | Temple   | Entered the Ecumenical Temple
  7569 | Temple   | Became a worshipper of Vehumet
  7653 | D:7      | Noticed Duvessa
  7662 | D:7      | Noticed Dowan
  7663 | D:7      | Killed Duvessa
  7663 | D:7      | Reached skill level 4 in Fighting
  7676 | D:7      | Killed Dowan
  8094 | D:7      | Reached XP level 9. HP: 79/79 MP: 8/17
  8280 | D:7      | Found a runed translucent door.
  8280 | D:7      | Noticed a deep elf archer
  8281 | D:7      | Noticed InnerFear's ghost (novice MiBe)
  8680 | D:8      | Reached skill level 5 in Fighting
  8834 | D:8      | Found Usukk's Antique Weapon Shop.
  8841 | D:8      | Bought a faintly glowing quarterstaff for 207 gold pieces
  8842 | D:8      | Identified the +3 quarterstaff of Ascent {antimagic, rF+
                  | Str+4} (You bought it in a shop on level 8 of the Dungeon)
  9299 | D:8      | Reached * piety under Vehumet
  9299 | D:8      | Offered knowledge of Freeze by Vehumet.
  9420 | D:8      | Found a sacrificial altar of Ru.
  9421 | D:8      | Found an ancient bone altar of Kikubaaqudgha.
  9421 | D:8      | Found a basalt altar of Yredelemnul.
  9422 | D:8      | Found a shadowy altar of Dithmenos.
  9423 | D:8      | Found an ornate altar of the Wu Jian Council.
  9426 | D:8      | Found a glowing golden altar of the Shining One.
  9451 | D:8      | Found a staircase to the Lair.
  9722 | D:8      | Learned a level 1 spell: Freeze
  9781 | D:9      | Reached skill level 1 in Ice Magic
 10181 | D:9      | Found Setuytta's Assorted Antiques.
 10204 | D:9      | Found a staircase to the Orcish Mines.
 10458 | D:9      | Noticed a two-headed ogre
 10473 | D:9      | Killed a two-headed ogre
 10473 | D:9      | Reached skill level 10 in Conjurations
 10473 | D:9      | Reached XP level 10. HP: 89/89 MP: 8/20
 10686 | D:9      | Learned a level 4 spell: Summon Ice Beast
 10943 | D:10     | Entered Level 10 of the Dungeon
 11002 | D:10     | Found an ornate altar of the Wu Jian Council.
 11114 | D:10     | Reached skill level 1 in Summonings
 11835 | D:10     | Reached skill level 6 in Fighting
 12361 | D:10     | Offered knowledge of Flame Tongue by Vehumet.
 12365 | D:10     | Reached ** piety under Vehumet
 12365 | D:10     | Reached skill level 7 in Fighting
 12375 | D:10     | Reached skill level 5 in Dodging
 12939 | D:11     | Noticed a manticore
 12980 | D:11     | Killed a manticore
 13170 | D:11     | Reached skill level 5 in Ice Magic
 13293 | D:11     | Reached XP level 11. HP: 83/101 MP: 21/21
 13504 | D:11     | Offered knowledge of Static Discharge by Vehumet.
 14201 | Lair:1   | Entered Level 1 of the Lair of Beasts
 14305 | Lair:1   | Reached *** piety under Vehumet
 14478 | Lair:1   | Reached skill level 8 in Fighting
 14959 | Lair:1   | Offered knowledge of Throw Icicle by Vehumet.
 15062 | Lair:1   | Learned a level 4 spell: Throw Icicle
 15346 | Lair:1   | Reached skill level 9 in Fighting
 15855 | Lair:2   | Got an ancient amber ring
 15856 | Lair:2   | Identified the ring "Ehunkesa" {+Fly SInv Stlth+} (You
                  | found it on level 2 of the Lair of Beasts)
 16259 | Lair:2   | Reached skill level 1 in Shields
 16353 | Lair:2   | Noticed Gastronok
 16389 | Lair:2   | Killed Gastronok
 17015 | Lair:2   | Noticed a death yak
 17015 | Lair:2   | Noticed a death yak
 17018 | Lair:2   | Noticed a death yak
 17019 | Lair:2   | Noticed a death yak
 17199 | Lair:1   | Reached XP level 12. HP: 85/116 MP: 9/22
 17204 | Lair:1   | Killed a death yak
 17452 | Lair:2   | Killed a death yak
 17452 | Lair:2   | Reached skill level 10 in Fighting
 17468 | Lair:2   | Killed a death yak
 17709 | Lair:2   | Killed a death yak
 18104 | Lair:3   | Reached skill level 1 in Evocations
 18327 | Lair:3   | Found a frozen archway.
 18368 | IceCv    | Entered an ice cave
 18615 | IceCv    | Reached **** piety under Vehumet
 19407 | IceCv    | Offered knowledge of Venom Bolt by Vehumet.
 20641 | IceCv    | Noticed a frost giant
 20681 | IceCv    | Killed a frost giant
 21077 | IceCv    | Reached XP level 13. HP: 101/124 MP: 11/26
 22263 | Lair:3   | Identified the Grimoire of Shape Shifting
 22408 | Lair:3   | Got a steaming bone ring
 22428 | Lair:3   | Reached skill level 11 in Fighting
 22643 | Lair:4   | Noticed Snorg
 22811 | Lair:4   | HP: 6/127 [poisoned by a black mamba]
 22816 | Lair:4   | HP: 5/127 [poisoned by a black mamba]
 22821 | Lair:4   | HP: 4/127 [poisoned by a black mamba]
 22828 | Lair:4   | HP: 4/127 [poisoned by a black mamba]
 22836 | Lair:4   | HP: 5/127 [poisoned by a black mamba]
 23317 | Lair:4   | Reached skill level 10 in Dodging
 23329 | Lair:4   | Reached ***** piety under Vehumet
 23451 | Lair:4   | Found a staircase to the Swamp.
 23575 | Lair:4   | Offered knowledge of Poison Arrow by Vehumet.
 23634 | Lair:4   | Found a hole to the Spider Nest.
 23736 | Lair:4   | Killed Snorg
 24362 | Lair:4   | Noticed Nessos
 24762 | Lair:4   | Killed Nessos
 24762 | Lair:4   | Reached skill level 5 in Maces & Flails
 26366 | Lair:6   | Entered Level 6 of the Lair of Beasts
 26605 | Lair:6   | Reached skill level 12 in Fighting
 27043 | Lair:6   | Found a staircase to the Slime Pits.
 27279 | Lair:6   | Reached XP level 14. HP: 107/138 MP: 17/27
 27289 | Lair:6   | Learned a level 2 spell: Swiftness
 27527 | Lair:6   | Offered knowledge of Airstrike by Vehumet.
 28180 | Lair:6   | Identified the cursed ring "Unkean" {*Corrode rPois EV-3
                  | Int+3 Dex+2} (You found it on level 3 of the Lair of
                  | Beasts)
 28575 | Lair:6   | Found a large runed translucent door.
 28576 | Lair:6   | Found a large runed translucent door.
 30052 | Orc:1    | Entered Level 1 of the Orcish Mines
 30536 | Orc:1    | Reached skill level 1 in Charms
 30536 | Orc:1    | Reached skill level 1 in Air Magic
 31138 | Orc:1    | Found Fumeihiq's Gadget Shoppe.
 31501 | Orc:2    | Entered Level 2 of the Orcish Mines
 31506 | Orc:2    | Found a staircase to the Elven Halls.
 31559 | Orc:2    | Noticed Erolcha
 31570 | Orc:2    | Killed Erolcha
 31718 | Orc:2    | Found a roughly hewn altar of Beogh.
 31817 | Orc:2    | Found Oniofic's Magic Scroll Shop.
 33122 | Orc:2    | Reached skill level 10 in Spellcasting
 33534 | Orc:2    | Found Dozedwutt's Magic Scroll Shop.
 33534 | Orc:2    | Found Allipt's Armour Emporium.
 33778 | Orc:2    | Found Suppo's Weapon Shop.
 33778 | Orc:2    | Found Abiusoyl's Antique Armour Emporium.
 33838 | Orc:2    | Bought a +1 demon blade of venom for 350 gold pieces
 33900 | Orc:2    | Bought 3 scrolls of teleportation for 126 gold pieces
 33900 | Orc:2    | Bought a scroll of identify for 28 gold pieces
 33900 | Orc:2    | Bought a scroll of identify for 28 gold pieces
 33900 | Orc:2    | Bought a scroll of enchant armour for 105 gold pieces
 33900 | Orc:2    | Bought 2 scrolls of teleportation for 84 gold pieces
 33900 | Orc:2    | Bought a scroll of fear for 49 gold pieces
 33900 | Orc:2    | Bought 3 scrolls of identify for 84 gold pieces
 33900 | Orc:2    | Bought a scroll of teleportation for 42 gold pieces
 33900 | Orc:2    | Bought a scroll of amnesia for 49 gold pieces
 33964 | D:9      | Bought a scroll of blinking for 187 gold pieces
 33964 | D:9      | Bought a glowing paperback book for 375 gold pieces
 34000 | D:12     | Found Celafies's Antique Armour Boutique.
 34310 | D:12     | Reached skill level 1 in Long Blades
 34819 | D:12     | HP: 4/139 [phantasmal warrior[a death knight] (26)]
 35201 | D:12     | Offered knowledge of Iskenderun's Battlesphere by Vehumet.
 35211 | D:12     | Learned a level 5 spell: Iskenderun's Battlesphere
 35274 | D:12     | Found Zoler's General Store.
 35291 | D:12     | Found Lefup's Gadget Emporium.
 35750 | D:12     | Found Zeteziel's Gadget Emporium.
 35757 | D:12     | Reached skill level 5 in Long Blades
 35952 | D:12     | Found Kuashix's Weapon Emporium.
 36748 | D:13     | Noticed Urug
 36782 | D:13     | Killed Urug
 37215 | D:13     | Found a gate to the Vaults.
 37437 | D:13     | Identified a scroll of acquirement
 37611 | D:14     | Found an ancient bone altar of Kikubaaqudgha.
 37611 | D:14     | Found a transporter.
 37611 | D:14     | Noticed Luiqe's ghost (journeyman DrBe)
 37611 | D:14     | Noticed a sphinx
 37615 | D:14     | Found Reeh's Weapon Boutique.
 37621 | D:14     | Noticed Jorgrun
 37622 | D:14     | Found a gate leading to a gauntlet.
 37641 | D:14     | Found a transporter.
 37665 | D:14     | Reached skill level 5 in Shields
 37700 | Gauntlet | Entered a Gauntlet
 37700 | Gauntlet | Found a transporter.
 37700 | Gauntlet | Found a transporter.
 37700 | Gauntlet | Found a runed translucent gate.
 38032 | Gauntlet | Found a runed translucent gate.
 38037 | Gauntlet | Found a runed translucent gate.
 38044 | Gauntlet | Found a transporter.
 38044 | Gauntlet | Found a transporter.
 38048 | Gauntlet | Found a transporter.
 38048 | Gauntlet | Found a transporter.
 38076 | Gauntlet | Found a transporter.
 38077 | Gauntlet | Found the -2 hat of the Alchemist {rElec rPois rF+ rC+ rN+
                  | MR+ rMut rCorr}
 38080 | Gauntlet | Found a transporter.
 38088 | Gauntlet | Found a transporter.
 38104 | Gauntlet | Found a transporter.
 38118 | Gauntlet | Found a transporter.
 38122 | Gauntlet | Found a transporter.
 38240 | Gauntlet | Offered knowledge of Irradiate by Vehumet.
 38685 | Gauntlet | Reached XP level 15. HP: 113/147 MP: 29/29
 38763 | Gauntlet | Got a pair of shimmering boots
 38764 | Gauntlet | Identified the +2 pair of boots of Refuge {*Slow rC+ rCorr
                  | Dex+5} (You found it in a Gauntlet)
 38967 | Gauntlet | Identified the amulet "Udib" {+Rage rC++ Int-5}
 39959 | D:14     | Killed Jorgrun
 40612 | D:15     | Entered Level 15 of the Dungeon
 41017 | D:15     | Noticed Louise
 41326 | D:15     | Cast into level 3 of the Abyss (Louise)
 41357 | Abyss:3  | Found a corrupted altar of Lugonu.
 41412 | D:15     | Escaped the Abyss
 41416 | D:15     | HP: 5/147 [raiju/living lightning (13)]
 41416 | D:15     | Killed from afar by a raiju

Levels and vault maps discovered:
D:1:      roderic_chinese_lattice_arrival, layout_basic, serial_park_tiny_1
D:2:      layout_rooms, nicolae_qazlal_general_emergency,
          chequers_ecumenical_altar_simple
D:3:      layout_rooms
D:4:      layout_cave_pools, first_ration, uniq_menkaure
D:5:      layout_loops_corners, nicolae_overflow_hidden_temple
D:6:      layout_basic
D:7:      layout_gridville, minmay_temple_entry_nine_rooms,
          ebering_ghost_inner_flame, uniq_duvessa
D:8:      layout_cave_pods, minitemple, grunt_lair_entry_orc_guard_hut,
          serial_shops, nicolae_shop_overgrown_old_shop
D:9:      layout_irregular_city, david_orc_2, serial_shops, shop
D:10:     layout_rooms, special_room [special_room_orc], basic_altar
D:11:     layout_roguey, kennysheep_small_square
D:12:     layout_roguey [special_room_orc], serial_shops, nicolae_shop_crystal,
          shop_statue, nicolae_shop_stone, nicolae_shop_behind_doors, shop,
          serial_glass, glass_columns_a, glass_columns_c
D:13:     layout_loops_ring, ximxim_vaults_locker_room, grunt_pizzeria,
          uniq_urug
D:14:     layout_rooms, gauntlet_entry_generic, gammafunk_ghost_arena,
          basic_altar, minmay_hedge_maze, serial_shops, shop, uniq_jorgrun
D:15:     grunt_enter_depths_hoard, layout_loops_cross, minmay_misc_feat_square,
          uniq_louise
Temple:   cyrus_circular_temple
Lair:1:   layout_chaotic_city, chequers_serial_rivers_marsh
Lair:2:   layout_cave_shapes, hibernation_bobbens, uniq_gastronok
Lair:3:   layout_loops_ring, portal_ice_cave_demonic_guard,
          grunt_forest_stairs_clearing
Lair:4:   layout_cave_pods, minmay_swamp_entry_worms,
          nicolae_spider_entry_non_spiders, uniq_snorg, uniq_nessos
Lair:5:   layout_roguey, minmay_lair_oklob_chamber
Lair:6:   cheibrodos_lair_end_hotspot, layout_layer_cave,
          dpeg_slime_entry_corner, st_stairs_7
Orc:1:    layout_diamond_mine, serial_shops, shop
Orc:2:    grunt_orc_tribal_feast, layout_diamond_mine, basic_altar,
          serial_shops, shop, uniq_erolcha

Skill      XL: |  1  2  3  4  5  6  7  8  9 10 11 12 13 14 15 |
---------------+----------------------------------------------+-----
Spellcasting   | 3 4 5 7 9 10 | 10.0
Conjurations   | 5 6 7 8 10 | 10.0
Maces & Flails | 2 4 7 8 |  8.0
Fighting       | 3 4 5 7 9 10 12 | 12.7
Hexes          | 2 4 |  4.0
Dodging        | 2 3 6 8 9 10 11 | 11.2
Ice Magic      | 4 5 7 9 |  9.0
Summonings     | 3 |  3.1
Shields        | 3 4 5 7 |  7.5
Evocations     | 4 |  4.0
Charms         | 1 |  1.0
Air Magic      | 1 |  1.1
Long Blades    | 7 9 |  9.4
Stealth        | |  1.7

Action                   |  1- 3 |  4- 6 |  7- 9 | 10-12 | 13-15 || total
-------------------------+-------+-------+-------+-------+-------++-------
Melee: Unarmed           |     5 |       |       |       |       ||     5
       Mace              |    34 |    18 |       |       |    89 ||   141
       Tailslap          |     3 |     5 |     9 |    79 |   186 ||   282
       Whip              |       |    27 |    75 |   498 |   738 ||  1338
       Demon blade       |       |       |       |       |   531 ||   531
 Cast: Magic Dart        |    83 |    90 |   207 |   147 |   183 ||   710
       Searing Ray       |     1 |     3 |    31 |    72 |    34 ||   141
       Fulminant Prism   |       |     1 |    18 |    47 |    11 ||    77
       Iskenderun's Myst |       |       |       |     5 |     3 ||     8
       Summon Ice Beast  |       |       |       |    74 |   222 ||   296
       Throw Icicle      |       |       |       |     5 |    45 ||    50
       Freeze            |       |       |       |       |    29 ||    29
       Iskenderun's Batt |       |       |       |       |    28 ||    28
       Swiftness         |       |       |       |       |     1 ||     1
 Abil: Blink             |       |     1 |       |     2 |     4 ||     7
       Breathe Frost     |       |       |     3 |    29 |    25 ||    57
Evoke: Wand              |       |       |       |     1 |     3 ||     4
       Phantom mirror    |       |       |       |       |     1 ||     1
  Use: Potion            |       |     5 |       |     8 |     6 ||    19
       Scroll            |       |    12 |     6 |     7 |    17 ||    42
 Stab: Sleeping          |       |       |       |     1 |     2 ||     3
       Distracted        |       |       |       |     2 |    15 ||    17
       Invisible         |       |       |       |     2 |       ||     2
  Eat: Chunk             |     4 |     6 |    17 |    34 |    40 ||   101
       Ration            |       |       |     2 |     5 |    12 ||    19
Armor: Skin              |    19 |    18 |    38 |   264 |   575 ||   914
Dodge: Dodged            |    43 |    28 |    83 |   584 |  1048 ||  1786
Block: Buckler           |       |       |       |   136 |   440 ||   576
       Shield            |       |       |       |       |   318 ||   318
       Reflection        |       |       |       |       |    24 ||    24
       Rpst.: Demon blade |       |       |       |       |    72 ||    72

Table legend:
 A = Non-vault XP
 B = Vault XP
 C = Vault XP percentage of total XP
 D = Non-vault monster count
 E = Vault monster count
 F = Vault count percentage of total count
                 A         B        C        D         E       F
            +---------+---------+-------+---------+---------+-------
      Total |   75781 |   46996 |  38.3 |     519 |     221 |  29.9
            +---------+---------+-------+---------+---------+-------
        D:1 |      55 |       0 |   0.0 |      24 |       0 |   0.0
        D:2 |     108 |       0 |   0.0 |      30 |       0 |   0.0
        D:3 |     272 |       0 |   0.0 |      18 |       0 |   0.0
        D:4 |     221 |     169 |  43.3 |      15 |       1 |   6.2
        D:5 |     781 |       0 |   0.0 |      24 |       0 |   0.0
        D:6 |     693 |       0 |   0.0 |      22 |       0 |   0.0
        D:7 |     385 |     219 |  36.3 |      15 |       2 |  11.8
        D:8 |    1039 |     684 |  39.7 |      16 |       5 |  23.8
        D:9 |    1661 |      24 |   1.4 |      13 |       8 |  38.1
       D:10 |    2274 |     745 |  24.7 |      24 |      26 |  52.0
       D:11 |    3743 |      95 |   2.5 |      31 |       1 |   3.1
       D:12 |    8416 |    1033 |  10.9 |      46 |      25 |  35.2
       D:13 |    1541 |    6288 |  80.3 |       7 |      14 |  66.7
       D:14 |    7630 |    2858 |  27.3 |      34 |       1 |   2.9
       D:15 |    6229 |       0 |   0.0 |      16 |       0 |   0.0
     Lair:1 |    7421 |       0 |   0.0 |      35 |       0 |   0.0
     Lair:2 |    3407 |    1553 |  31.3 |      13 |       1 |   7.1
     Lair:3 |    7497 |    1617 |  17.7 |      28 |       8 |  22.2
     Lair:4 |    4226 |    2668 |  38.7 |      16 |      13 |  44.8
     Lair:5 |    5973 |       0 |   0.0 |      18 |       0 |   0.0
     Lair:6 |    8077 |    5246 |  39.4 |      31 |      25 |  44.6
      Orc:1 |    2821 |       0 |   0.0 |      31 |       0 |   0.0
      Orc:2 |     551 |    6754 |  92.5 |      11 |      31 |  73.8
    Abyss:3 |     760 |       0 |   0.0 |       1 |       0 |   0.0
      IceCv |       0 |   11215 | 100.0 |       0 |      48 | 100.0
   Gauntlet |       0 |    5828 | 100.0 |       0 |      12 | 100.0
            +---------+---------+-------+---------+---------+-------
